 Dungeon Crawl Stone Soup version 0.20-a0-903-g7e3609c (webtiles) character file.

480 Goblin1989 the Basher (level 7, -8/52 HPs)
             Began as a Barachi Fighter on Mar 20, 2017.
             Was a Believer of Ru.
             Killed from afar by Dowan (20 damage)
             ... with a shard of ice
             ... on level 4 of the Dungeon.
             The game lasted 00:10:40 (3101 turns).

Goblin1989 the Basher (Barachi Fighter)             Turns: 3101, Time: 00:10:42

Health: -8/52      AC:  6    Str: 20    XL:     7   Next: 11%
Magic:  7/7        EV: 12    Int: 13    God:    Ru [**....]
Gold:   139        SH:  9    Dex: 16    Spells: 6/6 levels left

rFire    . . .     SeeInvis +   a - +0 flail
rCold    . . .     Gourm    .   b - +0 scale mail
rNeg     . . .     Faith    .   c - +0 shield
rPois    .         Spirit   .   (no helmet)
rElec    .         Reflect  .   (no cloak)
rCorr    +         Harm     .   (no gloves)
MR       .....                  (no boots)
Stlth    +.........             (no amulet)
Regen    0.2/turn               g - ring of resist corrosion
MPRegen  0.1/turn               s - ring of see invisible

@: brilliant, agile, slow
A: +LOS, swims, slowness 1, inexperienced 1, strong legs 1
a: Hop, Renounce Religion


You were on level 4 of the Dungeon.
You worshipped Ru.
Ru was pleased with you.
You were hungry.

You visited 1 branch of the dungeon, and saw 4 of its levels.

You collected 139 gold pieces.

Inventory:

Hand Weapons
 a - a +0 flail (weapon)
Armour
 b - a +0 scale mail (worn)
 c - a +0 shield (worn)
Jewellery
 g - a ring of resist corrosion (right hand)
 j - an uncursed ring of wizardry
 s - a ring of see invisible (left hand)
 x - an uncursed ring of stealth
Scrolls
 f - a scroll of fog {unknown}
 k - a scroll of teleportation {unknown}
 l - a scroll of magic mapping {unknown}
 n - 2 scrolls of enchant armour {unknown}
 o - a scroll of amnesia {unknown}
 u - 4 scrolls of identify {unknown}
 w - a scroll of remove curse {unknown}
Potions
 m - a potion of curing {@q1}
 r - a potion of invisibility {unknown}
 v - a potion of degeneration {unknown}
Comestibles
 e - 2 bread rations {@e1}
 h - a royal jelly
 p - a fruit
 t - 2 meat rations {@e2}
 z - 4 chunks of flesh


   Skills:
 - Level 3.6 Fighting
 + Level 9.1 Maces & Flails
 - Level 3.6 Armour
 - Level 3.2 Shields


You had 6 spell levels left.
You didn't know any spells.

Dungeon Overview and Level Annotations

Branches:
Dungeon (4/15)
 Temple: D:4-7

Altars:
Makhleb
Ru
Zin

Shops:
D:4 %*

Annotations:
D:4 Dowan


Innate Abilities, Weirdness & Mutations

Shadows flee at your approach. (+LOS)
You can swim through water.
You cover ground slowly.
You are somewhat inexperienced. (-2 XL)
You can hop short distances.


Message History

There is an entrance to Medumm's General Store here.
You can access your shopping list by pressing '$'.
Unknown command.
You can access your shopping list by pressing '$'.
Menkaure, Prince of Dust comes into view.
Menkaure shouts!
Menkaure casts a spell.
Menkaure seems to speed up.
Dowan, Brother of Duvessa comes into view.
He is wielding a dagger.
You feel agile all of a sudden.
You aren't carrying any items that you can evoke.
Unknown command.
You sock Menkaure!
Menkaure is moderately damaged.
Menkaure hits you!
You take 10 damage, and have 33/47 hp.
MASSIVE DAMAGE!!
You hit Menkaure.
Menkaure is heavily damaged.
Menkaure casts a spell at you. Pain shoots through your body!
You take 2 damage, and have 31/47 hp.
You hit Menkaure.
Menkaure is severely damaged.
Menkaure is stunned by your will and fails to attack.
You block Menkaure's attack.
You completely miss Menkaure.
Menkaure is severely damaged.
Menkaure hits you!!
* * * LOW HITPOINT WARNING * * *
You focus your will and slow Menkaure in retribution!
You take 22 damage, and have 9/47 hp.
MASSIVE DAMAGE!!
Unknown command.
You hit Menkaure.
Menkaure is almost destroyed.
Menkaure closely misses you.
Unknown command.
You hit Menkaure.
Menkaure is almost destroyed.
Menkaure hits you but does no damage.
Unknown command.
You sock Menkaure!
You destroy Menkaure!
You have reached level 7!
You regained 2 hp, and now have 11/52 hp.
MP restored: 7 It was a potion of brilliance.
You feel clever all of a sudden.
It was a potion of curing.
You feel better.
You regained 11 hp, and now have 22/52 hp.
You feel a little less mighty now.
A bullfrog skeleton comes into view.
You block the bullfrog skeleton's attack.
The bullfrog skeleton completely misses you.
You hit the bullfrog skeleton.
The bullfrog skeleton is moderately damaged.
The bullfrog skeleton hits you but does no damage.
You barely miss the bullfrog skeleton.
The bullfrog skeleton is moderately damaged.
You block the bullfrog skeleton's attack.
You sock the bullfrog skeleton!
The bullfrog skeleton is heavily damaged.
You block the bullfrog skeleton's attack.
The bullfrog skeleton barely misses you.
You hit the bullfrog skeleton.
The bullfrog skeleton is severely damaged.
You block the bullfrog skeleton's attack.
You barely miss the bullfrog skeleton.
The bullfrog skeleton is severely damaged.
You block the bullfrog skeleton's attack.
You sock the bullfrog skeleton!
You destroy the bullfrog skeleton!
Your Maces & Flails skill increases to level 9!
Unknown command.
Unknown command.
Dowan seems to find hidden reserves of power!
Dowan hits you but does no damage. Dowan closely misses you.
You see here a scroll labeled ELUDUX RERCHO.
You closely miss Dowan.
Dowan mumbles some strange words.
Dowan blinks!
Dowan shakes with grief.
You closely miss Dowan.
You redirect Dowan's attack!
Dowan hits you but does no damage.
You hit Dowan but do no damage. Dowan hits you but does no damage.
You block Dowan's attack.
You hit Dowan but do no damage. Dowan closely misses you. x2
You hit Dowan.
Dowan is lightly wounded.
Dowan gestures at you while chanting. The shard of ice hits you!
* * * LOW HITPOINT WARNING * * *
You take 15 damage, and have 12/52 hp.
MASSIVE DAMAGE!!
You hit Dowan.
Dowan is moderately wounded.
You redirect Dowan's attack!
Dowan closely misses you. Dowan gestures at you while chanting.
The shard of ice hits you!
You die... █. █.█ . █.██ █.( █.. ....█.█.█. ...█.█.. ..█.█.█ ....[ ███ ... ..█ █e█

█.█ █@█ █ █.█ █.█.█ █.█
█?█.██████ ██████.█
█.........
....██.█████████...██████
.∩.................█
.......██.█.......██
.).)...██...█████.█
..$....███.██ .█


You could see Dowan.

Vanquished Creatures
  Sigmund (D:4)
  Menkaure (D:4)
  Duvessa (D:4)
  2 howler monkeys (D:3)
  A bullfrog skeleton (D:4)
  Terence (D:3)
  A worker ant (D:4)
  4 gnolls
  3 adders (D:2)
  A worm (D:3)
  3 dart slugs
  2 leopard geckos
  An orc (D:3)
  6 bats
  3 giant cockroaches
  10 goblins
  12 hobgoblins
  12 kobolds
  A ball python (D:2)
  5 frilled lizards
  8 rats
79 creatures vanquished.

Notes
Turn   | Place    | Note
-------+----------+-------------------------------------------
     0 | D:1      | Goblin1989 the Barachi Fighter began the quest for the Orb.
     0 | D:1      | Reached XP level 1. HP: 18/18 MP: 1/1
   170 | D:1      | Reached skill level 3 in Maces & Flails
   170 | D:1      | Reached XP level 2. HP: 21/24 MP: 2/2
   549 | D:1      | Reached XP level 3. HP: 26/29 MP: 3/3
   792 | D:2      | Reached skill level 4 in Maces & Flails
  1050 | D:3      | Reached XP level 4. HP: 31/36 MP: 4/4
  1288 | D:2      | Reached skill level 5 in Maces & Flails
  1607 | D:2      | Found a sacrificial altar of Ru.
  1656 | D:2      | Became a worshipper of Ru the Awakened
  1759 | D:2      | Reached XP level 5. HP: 41/41 MP: 5/5
  1850 | D:3      | Found a burning altar of Makhleb.
  2003 | D:3      | Reached skill level 6 in Maces & Flails
  2401 | D:3      | Noticed Terence
  2410 | D:3      | Killed Terence
  2548 | D:3      | Found a glowing silver altar of Zin.
  2924 | D:4      | Found Mesilak's Food Emporium.
  2989 | D:4      | Found Medumm's General Store.
  2997 | D:4      | Noticed Sigmund
  3011 | D:3      | Reached XP level 6. HP: 37/47 MP: 6/6
  3017 | D:3      | Gained mutation: You are somewhat inexperienced. (-2 XL) [Ru sacrifice]
  3017 | D:3      | Reached XP level 5. HP: 38/41 MP: 5/5
  3017 | D:3      | Reached XP level 4. HP: 36/36 MP: 4/4
  3017 | D:3      | Reached * piety under Ru
  3017 | D:3      | Reached ** piety under Ru
  3036 | D:4      | Noticed Duvessa
  3038 | D:4      | Killed Sigmund
  3038 | D:4      | Reached skill level 7 in Maces & Flails
  3038 | D:4      | Reached XP level 5. HP: 41/41 MP: 5/5
  3046 | D:4      | Killed Duvessa
  3046 | D:4      | Reached skill level 8 in Maces & Flails
  3046 | D:4      | Reached XP level 6. HP: 42/47 MP: 6/6
  3059 | D:4      | Noticed Menkaure
  3060 | D:4      | Noticed Dowan
  3072 | D:4      | Killed Menkaure
  3072 | D:4      | Reached XP level 7. HP: 10/52 MP: 7/7
  3090 | D:4      | Reached skill level 9 in Maces & Flails
  3101 | D:4      | Killed from afar by Dowan

Vault maps used:
D:1:      dpeg_arrival_simpleton_a
D:2:      nicolae_ru_great_annihilating_truth
D:3:      overflow_temple_1_default, zin_statuary, first_bread, uniq_terence
D:4:      serial_shops, nicolae_shop_statue_plus, shop,
          nicolae_shop_window_shopping, makhleb_blood_cavern_becter,
          uniq_sigmund, uniq_duvessa, uniq_natasha, uniq_menkaure

Skill      XL: |  1  2  3  4  5  6  7 |
---------------+----------------------+-----
Maces & Flails | 3 4 7 8 9 |  9.1
Fighting       | |  3.6
Armour         | |  3.6
Shields        | |  3.2

Action                   |  1- 3 |  4- 6 |  7- 9 || total
-------------------------+-------+-------+-------++-------
Melee: Flail             |   118 |   168 |    12 ||   298
Invok: Sacrifice Experie |       |     1 |       ||     1
  Use: Potion            |       |     4 |     2 ||     6
 Stab: Paralysed         |       |     1 |       ||     1
  Eat: Chunk             |     1 |     7 |       ||     8
Armor: Scale mail        |    60 |    57 |     3 ||   120
Dodge: Dodged            |    38 |    52 |     6 ||    96
Block: Shield            |    70 |    64 |     6 ||   140

Vault maps used:
D:1:      dpeg_arrival_simpleton_a
D:2:      nicolae_ru_great_annihilating_truth
D:3:      overflow_temple_1_default, zin_statuary, first_bread, uniq_terence
D:4:      serial_shops, nicolae_shop_statue_plus, shop,
          nicolae_shop_window_shopping, makhleb_blood_cavern_becter,
          uniq_sigmund, uniq_duvessa, uniq_natasha, uniq_menkaure
